 Dungeon Crawl Stone Soup version 0.30.0-18-gc0e69614cb (webtiles) character file.

Game seed: 6713149929882190841

10960 RascalDebosk the Fighter (level 12, -2/94 HPs)
             Began as a Djinni Summoner on May 23, 2023.
             Was a Believer of Ashenzari.
             Slain by an orc knight
             ... wielding a +0 great sword
              (16 damage)
             ... on level 10 of the Dungeon.
             The game lasted 01:23:16 (11300 turns).

RascalDebosk the Fighter (Djinni Summoner)         Turns: 11300, Time: 01:23:16

Health: -2/94      AC: 12    Str:  7    XL:     12   Next: 1%
Gold:   114        EV: 14    Int: 21    God:    Ashenzari [**....] SH:  5 Dex: 18

rFire   + + .        x - +3 rapier (vamp)
rCold   x . .        w - +0 buckler
rNeg    . . .        s - +0 troll leather armour
rPois   ∞            i - +0 hat "Ystoulli" {rElec rCorr Dex+3}
rElec   +            d - +1 cloak
rCorr   +            n - +0 pair of gloves
SInv    +            (boots unavailable)
Will    ++...        o - amulet "Portent of Ashenzari" {Acrobat, Fort, Evo} (curse)
Stlth   +++          f - ring of the Clairvoyant Stars {AC+4, Self, Fort} (curse)
HPRegen 1.15/turn    q - ring of Ashenzari's Seeker {Will+, Self, Evo} (curse)
MPRegen 0.00/turn

%: acrobat, infuse magic (-3 HP)
@: flying
A: sickness immunity, fire resistance 2, cold vulnerability 1, float, innate
caster, HP casting, extra vitality 1
a: Renounce Religion, Curse Item, Shatter the Chains


You were on level 10 of the Dungeon.
You worshipped Ashenzari.
Ashenzari was pleased with you.
You visited 3 branches of the dungeon, and saw 12 of its levels.

You collected 762 gold pieces.
You spent 648 gold pieces at shops.

Inventory:

Hand Weapons
 x - a +3 vampiric rapier (weapon)
Armour
 d - a +1 cloak (worn)
 i - the +0 hat "Ystoulli" (worn) {rElec rCorr Dex+3}
   (You bought it in a shop on level 5 of the Dungeon)

   Dex:       It affects your dexterity (+3).
   rElec:     It insulates you from electricity.
   rCorr:     It protects you from acid and corrosion.
 n - a +0 pair of gloves (worn)
 s - a +0 troll leather armour (worn)
 w - a +0 buckler (worn)
Jewellery
 f - the cursed ring of the Clairvoyant Stars (left hand) {AC+4, Self, Fort}
   (You found it on level 1 of the Dungeon)

   [ring of protection]

   AC:        It affects your AC (+4).
   It has a curse which improves the following skills: Introspection: Fighting
   and Spellcasting.
   Fortitude: Armour and Shields.
 o - the cursed amulet "Portent of Ashenzari" (around neck) {Acrobat, Fort, Evo}
   (You found it on level 3 of the Dungeon)

   [amulet of the acrobat]

   It increases your evasion while moving and waiting.
   It has a curse which improves the following skills: Fortitude: Armour and
   Shields.
   Evocations: Evocations.
 q - the cursed ring of Ashenzari's Seeker (right hand) {Will+, Self, Evo}
   (You found it on level 4 of the Dungeon)

   [ring of willpower]

   Will:      It increases your willpower.
   It has a curse which improves the following skills: Introspection: Fighting
   and Spellcasting.
   Evocations: Evocations.
Wands
 h - a wand of iceblast (9)
 p - a wand of charming (21)
 u - a wand of polymorph (11)
 C - a wand of digging (2)
Scrolls
 a - a scroll of fear
 b - a scroll of noise
 e - 4 scrolls of poison
 g - 3 scrolls of blinking
 r - a scroll of brand weapon
 t - 10 scrolls of teleportation
 y - a scroll of torment
Potions
 c - 3 potions of attraction
 j - 5 potions of curing
 k - 8 potions of heal wounds
 l - a potion of haste
 m - a potion of might
 v - a potion of lignification
 z - a potion of invisibility
 A - 3 potions of brilliance
 D - a potion of mutation
Miscellaneous
 B - a box of beasts
 E - a piece from Xom's chessboard (15/15)


   Skills:
 * Level 9.8(11.5) Fighting
 + Level 4.5(4.6) Short Blades
 - Level 1.2(3.1) Long Blades
 - Level 4.0(5.6) Armour
 + Level 6.1 Dodging
 + Level 5.0 Stealth
 + Level 1.5(2.8) Shields
 * Level 8.8(10.5) Spellcasting
 - Level 4.4(6.0) Evocations


You knew the following spells:

 Your Spells              Type           Power      Damage    Failure   Level
a - Summon Small Mammal   Summ           100%       N/A       1%          1
b - Call Imp              Summ           100%       N/A       1%          2
c - Call Canine Familiar  Summ           53%        N/A       1%          3
d - Summon Guardian Gole  Hex/Summ       53%        N/A       1%          3
e - Summon Lightning Spi  Summ/Air       53%        N/A       1%          4
f - Apportation           Tloc           100%       N/A       1%          1
g - Momentum Strike       Conj/Tloc      100%       3d10      1%          2
h - Inner Flame           Hex/Fire       53%        N/A       1%          3
i - Fulminant Prism       Conj/Hex       26%        3d14      1%          4
j - Freezing Cloud        Conj/Ice/Air   26%        6-21      4%          5
Your spell library was empty.

Dungeon Overview and Level Annotations

Branches:
Dungeon (10/15)            Temple (1/1) D:5            Lair (0/5) D:10
    Orc (1/2) D:10

Altars:
Ashenzari
Cheibriados
Elyvilon
Fedhas
Gozag
Makhleb
Nemelex Xobeh
Okawaru
Qazlal
Ru
Trog
Uskayaw
Wu Jian
Yredelemnul
Zin
The Shining One

Shops:
D:3 [   D:5 [   D:6 *   D:10 [

Annotations:
D:9 1 runed translucent door


Innate Abilities, Weirdness & Mutations

You are immune to sickness and miasma.
You are immune to poison.
Your flesh is very heat resistant. (rF++)
You are vulnerable to cold. (rC-)
You float through the air rather than walking.
You learn spells naturally, not from books.
Your magical power is your life essence.
You have superior vitality. (+4 MHP)


Message History

You fly downwards.
Welcome back to the Orcish Mines!
The orc warrior shouts!
The orc hits you but does no damage. The orc wizard misses you.
The orc warrior hits you but does no damage.
The orc hits you with a +2 flail of holy wrath.
There is a staircase back to the Dungeon here.
Casting: Summon Guardian Golem (safe; 1% risk of failure)
Confirm with . or Enter, or press ? or * to list all spells.
Aiming: Fulminant Prism (mildly dangerous; 1% risk of failure)
Press: ? - help, Dir - move target You conjure a prism of explosive energy!
A fulminant prism comes into view.
The orc hits your fulminant prism but does no damage.
An orc comes into view. It is wielding a +0 mace.
The orc knight hits you with a +0 great sword!
You block the orc warrior's attack.
The orc hits you with a +2 flail of holy wrath!
You hit the orc but do no damage. You hit the orc.
You feel better.
The orc is heavily wounded.
Your fulminant prism crackles loudly.
The orc hits you but does no damage. Something hits your fulminant prism!
Something hits your fulminant prism.
The orc warrior hits you with a +0 mace.
The orc knight hits you with a +0 great sword!
The orc hits your fulminant prism with a +0 short sword.
Your fulminant prism explodes!
The blast of energy engulfs the orc!!
You kill the orc!
You feel a bit more experienced.
The blast of energy engulfs the orc wizard!
The orc wizard is severely wounded.
The blast of energy engulfs the orc warrior!!
The orc warrior is severely wounded.
The blast of energy engulfs the orc knight!
The orc knight is moderately wounded.
The orc warrior barely misses you. The orc hits you but does no damage.
You hear a shout! x6
Casting: Fulminant Prism (mildly dangerous; 1% risk of failure)
Confirm with . or Enter, or press ? or * to list all spells.
An electric hum fills the air.
The orc warrior hits you but does no damage.
The orc priest calls upon Beogh to heal the orc knight.
The orc knight is healed somewhat.
The orc knight hits you with a +0 great sword!
The orc hits you but does no damage.
You puncture the orc!
You kill the orc!
The ogre hits your lightning spire with a +0 giant club!!
The orc warrior hits you with a +0 mace.
You hear a shout!
You barely miss the orc warrior.
Your lightning spire shoots out a bolt of lightning at the orc warrior!
The bolt of electricity hits the orc warrior!
The orc priest looks encouraged for a moment.
The ogre hits your lightning spire with a +0 giant club!
Your lightning spire is destroyed!
Your lightning spire disappears in a puff of smoke!
The orc knight hits you with a +0 great sword!
* * * LOW HITPOINT WARNING * * *
The orc warrior hits you with a +0 mace.
* * * LOW HITPOINT WARNING * * *
An orc comes into view. It is wielding a +1 dagger of speed.
The orc shouts!
The orc warrior hits you with a +0 mace.
* * * LOW HITPOINT WARNING * * *
The orc warrior hits you with a +0 mace!
* * * LOW HITPOINT WARNING * * *
The orc knight hits you with a +0 great sword!
* * * LOW HITPOINT WARNING * * *
You fly upwards.
Welcome back to the Dungeon!
There is a staircase to the Orcish Mines here.
Casting: Summon Lightning Spire (mildly dangerous; 1% risk of failure)
Confirm with . or Enter, or press ? or * to list all spells.
An electric hum fills the air.
* * * LOW HITPOINT WARNING * * *
The orc warrior closely misses you.
The orc warrior hits you with a +0 mace.
* * * LOW HITPOINT WARNING * * *
The orc warrior attacks as you move away!
The orc warrior completely misses you. The orc warrior closely misses you.
Your lightning spire shoots out a bolt of lightning at the orc warrior!
The bolt of electricity hits the orc warrior!
The orc warrior dies!
Casting: Summon Lightning Spire (mildly dangerous; 1% risk of failure)
Confirm with . or Enter, or press ? or * to list all spells.
* * * LOW HITPOINT WARNING * * *
You block the orc knight's attack.
Casting: Call Canine Familiar (safe; 1% risk of failure)
Confirm with . or Enter, or press ? or * to list all spells.
Aiming: Fulminant Prism (mildly dangerous; 1% risk of failure)
Press: ? - help, Dir - move target You conjure a prism of explosive energy!
* * * LOW HITPOINT WARNING * * *
A fulminant prism comes into view.
Your wolf bites the orc knight but does no damage.
You block the orc warrior's attack.
The orc knight hits you with a +0 great sword!
You die...

..)..###....##........~......# ##
.[...###....##...............###.
.................######..........
....############.# #....#####.
....# #####.### #....#..... .##.#
#.......# #....#...#. .##.#
######################## .##.#
#.....................#. .##.#
#.....)@8...).........#.
.##.######..[.[ooh.##.......)....
.##....)...)[)...>......)..).....
.#########..#.*..................
.# #..#.................... .#
#.....................). .#
######################## .# #....
.# #####


You could see an orc knight (ally target), an orc warrior (ally target), a
friendly wolf (summoned), a friendly lightning spire (summoned) and a friendly
fulminant prism.

Vanquished Creatures
  An ice statue (D:10)
  A troll (D:9)
  6 yaks
  A warg (D:10)
  Duvessa (D:7)
  A water moccasin (D:5)
  A swamp drake (D:10)
  2 orc warriors
  2 black bears (D:7)
  A sky beast (D:7)
  An ogre (D:10)
  A necrophage (D:7)
  A wight (D:7)
  2 scorpions
  Dowan (D:7)
  3 electric eels (D:10)
  5 howler monkeys
  4 orc priests
  5 hounds
  An iguana (D:6)
  Natasha (D:3)
  9 orc wizards
  12 gnolls
  4 adders
  2 dart slugs
  25 orcs
  2 endoplasms
  A giant cockroach (D:2)
  3 goblins
  2 hobgoblins
  3 jackals (D:1)
  2 quokkas
  2 ball pythons (D:1)
  2 bats
  3 kobolds (D:3)
  2 rats (D:4)
  2 fire vortices (D:10)
118 creatures vanquished.

Vanquished Creatures (collateral kills)
  A two-headed ogre (D:8)
  An orc knight (D:10)
  Pikel (D:7)
  A kobold demonologist (D:10)
  2 trolls
  A hornet (D:9)
  A shadow (D:10)
  6 yaks
  4 fire bats (D:10)
  Eustachio (D:4)
  2 steam dragons (D:7)
  A hell hound (D:10)
  5 water moccasins
  A sky beast (D:6)
  2 orc warriors (D:10)
  An ogre (D:2)
  A wolf (D:10)
  A centaur (D:5)
  3 phantoms
  3 lemures (D:7)
  A scorpion (D:7)
  2 necrophages (D:7)
  2 gnoll sergeants
  2 wights (D:7)
  2 howler monkeys (D:9)
  2 centaur zombies (D:7)
  2 lava snakes (D:10)
  6 hounds
  A gnoll bouda (D:7)
  2 orc priests
  A jelly (D:7)
  A sleepcap (D:6)
  Natasha (twice) (D:3)
  3 orc wizards
  A killer bee zombie (D:7)
  13 gnolls
  7 adders
  A shadow imp (D:7)
  2 ufetubi
  2 worms
  A dart slug (D:3)
  13 orcs
  5 ball pythons
  4 endoplasms
  3 giant cockroaches
  4 goblins
  5 hobgoblins
  2 jackals (D:1)
  4 quokkas
  2 bats (D:1)
  6 frilled lizards
  5 kobolds
  19 rats
  A fire vortex (D:10)
168 creatures vanquished.

Vanquished Creatures (others)
  A steam dragon (D:7)
  A wight (D:7)
  A gnoll bouda (D:7)
  A sleepcap (D:7)
  A gnoll (D:3)
  15 fulminant prisms
20 creatures vanquished.

Grand Total: 306 creatures vanquished

Notes
Turn   | Place    | Note
-------+----------+-------------------------------------------
     0 | D:1      | RascalDebosk the Djinni Summoner began the quest for the
                  | Orb.
     0 | D:1      | RascalDebosk set off with the following spells memorised:
                  | Summon Small Mammal, Call Imp, Call Canine Familiar, Summon
                  | Guardian Golem, Summon Lightning Spire.
     0 | D:1      | Reached XP level 1. HP: 15/15 MP: 0/0
    97 | D:1      | Reached XP level 2. HP: 12/21 MP: 0/0
   365 | D:1      | Reached XP level 3. HP: 24/25 MP: 0/0
   365 | D:1      | Learned a level 1 spell: Apportation
   776 | D:2      | Noticed an ogre
   793 | D:2      | Reached XP level 4. HP: 30/31 MP: 0/0
   801 | D:2      | Killed an ogre
   802 | D:2      | Reached skill level 1 in Long Blades
   802 | D:2      | Reached XP level 5. HP: 28/35 MP: 0/0
   802 | D:2      | Learned a level 2 spell: Momentum Strike
  1266 | D:3      | Noticed Natasha
  1273 | D:3      | Killed Natasha
  1274 | D:3      | Reached skill level 1 in Fighting
  1274 | D:3      | Reached XP level 6. HP: 27/42 MP: 0/0
  1492 | D:3      | Noticed Natasha
  1501 | D:3      | Killed Natasha
  1507 | D:3      | Reached skill level 1 in Armour
  1649 | D:3      | Found Vius's Antique Armour Shoppe.
  1921 | D:3      | Reached skill level 2 in Fighting
  2059 | D:3      | Noticed Natasha
  2064 | D:3      | Killed Natasha
  2461 | D:4      | Reached skill level 5 in Spellcasting
  2461 | D:4      | Reached XP level 7. HP: 47/49 MP: 0/0
  2461 | D:4      | Learned a level 3 spell: Inner Flame
  2826 | D:4      | Noticed Eustachio
  2838 | D:4      | Killed Eustachio
  2839 | D:4      | Reached skill level 3 in Fighting
  3037 | D:3      | Bought an emerald-studded ring mail for 198 gold pieces
  3037 | D:3      | Identified the +7 ring mail of True Grit {-Cast rN+++ rCorr
                  | Int-5} (You bought it in a shop on level 3 of the Dungeon)
  3297 | D:5      | Entered Level 5 of the Dungeon
  3468 | D:5      | Found Vixejeikup's Antique Armour Boutique.
  3516 | D:5      | Reached XP level 8. HP: 54/56 MP: 0/0
  3703 | D:5      | Reached skill level 4 in Fighting
  4155 | D:5      | Found a staircase to the Ecumenical Temple.
  4228 | Temple   | Entered the Ecumenical Temple
  4282 | Temple   | Became a worshipper of Ashenzari the Shackled
  4361 | D:6      | Found Oxediro's Mayhem Merchandise.
  4653 | D:6      | Reached skill level 5 in Fighting
  4659 | D:6      | Reached XP level 9. HP: 56/65 MP: 0/0
  4659 | D:6      | Learned a level 4 spell: Fulminant Prism
  4884 | D:6      | Reached skill level 6 in Fighting
  5401 | D:7      | Noticed Duvessa
  5401 | D:7      | Noticed Dowan
  5409 | D:7      | Killed Duvessa
  5409 | D:7      | Killed Dowan
  5410 | D:7      | Reached skill level 1 in Short Blades
  5623 | D:7      | Noticed Pikel
  5636 | D:7      | Killed Pikel
  5637 | D:7      | Reached XP level 10. HP: 75/75 MP: 0/0
  5642 | D:7      | Reached skill level 7 in Fighting
  6350 | D:7      | Found a blossoming altar of Fedhas.
  7166 | D:7      | Reached * piety under Ashenzari
  7184 | D:8      | Reached skill level 8 in Fighting
  7445 | D:8      | Reached ** piety under Ashenzari
  8091 | D:8      | Noticed a two-headed ogre
  8103 | D:8      | Killed a two-headed ogre
  8104 | D:8      | Reached skill level 5 in Dodging
  8104 | D:8      | Reached XP level 11. HP: 77/85 MP: 0/0
  8104 | D:8      | Learned a level 5 spell: Freezing Cloud
  8732 | D:5      | Bought a crude hat for 315 gold pieces
  8732 | D:5      | Identified the +0 hat "Ystoulli" {rElec rCorr Dex+3} (You
                  | bought it in a shop on level 5 of the Dungeon)
  9076 | D:9      | Noticed a two-headed ogre
  9082 | D:9      | Found a runed translucent door.
  9591 | D:10     | Entered Level 10 of the Dungeon
  9596 | D:10     | Reached skill level 9 in Fighting
  9700 | D:10     | Found a staircase to the Lair.
 10252 | D:10     | Identified the +2 plate armour "Vuosm" {rPois}
 10274 | D:10     | Found Jukeokue's Antique Armour Shop.
 10282 | D:10     | Bought a buckler for 135 gold pieces
 10597 | D:10     | Found a staircase to the Orcish Mines.
 10996 | D:10     | Reached skill level 1 in Shields
 11201 | Orc:1    | Entered Level 1 of the Orcish Mines
 11205 | Orc:1    | Noticed an orc knight
 11220 | D:10     | Killed an orc knight
 11221 | D:10     | Reached skill level 5 in Stealth
 11272 | Orc:1    | Noticed an orc knight
 11286 | D:10     | Reached XP level 12. HP: 94/94 MP: 0/0
 11300 | D:10     | Slain by an orc knight

Illustrated notes

Levels and vault maps discovered:
D:1:      lemuel_arrival_tunnels, layout_basic
D:2:      layout_rooms, minmay_three_crescents
D:3:      layout_loops_cross, serial_shops, nicolae_shop_statue_plus,
          dk_noncrumbling_4, uniq_natasha
D:4:      layout_basic, minmay_rat_hole, uniq_eustachio
D:5:      layout_loops_ring, temple_doors_ab, serial_shops, shop,
          dk_rats_in_the_wall
D:6:      layout_basic, kennysheep_mini_moat, minmay_shop_mayhem
D:7:      layout_basic, fedhas_altar_decomposition, serial_co_window_serial,
          co_window_paths_a, co_window_corner_a, co_window_paths_a,
          co_window_paths_b, co_window_corner_a, co_window_broadway_b,
          co_window_unsneaky_path_d, co_window_unsneaky_path_a,
          co_window_broadway_a, co_window_broadway_b, co_window_broadway_a,
          glass_columns_a, glass_columns_a, glass_columns_a, glass_columns_b,
          glass_columns_c, grunt_ministairs_3, grunt_decor_one_mirror,
          uniq_duvessa, uniq_pikel
D:8:      layout_layer_cave
D:9:      layout_rooms, dreamdust_princess_corridor, minmay_st_funbox
D:10:     layout_basic, erik_lair_island, erik_orc_1, serial_shops,
          nicolae_shop_advertising_works [nicolae_subvault_shop_adworks],
          minivault_16, hangedman_incinerator
Temple:   nicolae_temple_bog_church
Orc:1:    layout_caves

Skill      XL: |  1  2  3  4  5  6  7  8  9 10 11 |
---------------+----------------------------------+-----
Spellcasting   | 4 5 6 7 8 |  8.8
Long Blades    | 1 |  1.2
Evocations     | 2 3 4 |  4.4
Fighting       | 1 2 3 5 6 8 9 |  9.8
Armour         | 1 2 3 4 |  4.0
Short Blades   | 1 3 4 |  4.5
Stealth        | 2 4 5 |  5.0
Dodging        | 3 5 6 |  6.1
Shields        | 1 |  1.5

Action                     |  1- 3 |  4- 6 |  7- 9 | 10-12 || total
---------------------------+-------+-------+-------+-------++-------
  Melee: Dagger            |    29 |    29 |    42 |       ||   100
         Punch             |       |     2 |       |       ||     2
         Rapier            |       |       |    15 |    67 ||    82
   Cast: Summon Small Mamm |    26 |    18 |     3 |     3 ||    50
         Call Imp          |     9 |     5 |     2 |     1 ||    17
         Call Canine Famil |     3 |    14 |    20 |    27 ||    64
         Momentum Strike   |       |     9 |     8 |    14 ||    31
         Summon Guardian G |       |     7 |     9 |     8 ||    24
         Summon Lightning  |       |     6 |    18 |    45 ||    69
         Inner Flame       |       |       |    10 |    10 ||    20
         Fulminant Prism   |       |       |     2 |    14 ||    16
         Freezing Cloud    |       |       |       |    34 ||    34
 Invoke: Curse Item        |       |       |     1 |     2 ||     3
    Use: Scroll            |       |       |     1 |     6 ||     7
   Stab: Sleeping          |     3 |       |     1 |       ||     4
         Distracted        |     1 |     1 |       |     1 ||     3
 Armour: Robe              |    14 |    10 |    22 |     6 ||    52
         Troll leather arm |       |       |       |    27 ||    27
  Dodge: Dodged            |    27 |    26 |    51 |    73 ||   177
  Block: Buckler           |       |       |       |     9 ||     9
